 Dungeon Crawl Stone Soup version 0.31-a0-182-gc5ef74bbde (webtiles) character file.

Game seed: 15993525211149204908

147 qw the Chopper (level 5, -1/32 HPs)
             Began as a Gargoyle Fighter on June 20, 2023.
             Slain by a hound (4 damage)
             ... on level 4 of the Dungeon.
             The game lasted 00:00:31 (1110 turns).

qw the Chopper (Gargoyle Fighter)                   Turns: 1110, Time: 00:00:32

Health: -1/32      AC: 10    Str: 22    XL:     5   Next: 29%
Magic:  5/5        EV:  9    Int:  8    God:
Gold:   71         SH:  4    Dex:  9    Spells: 4/4 levels left

rFire   . . .        Y - +1 war axe
rCold   . . .        c - +0 buckler
rNeg    + . .        b - +0 scale mail
rPois   inf          (no helmet)
rElec   +            (no cloak)
rCorr   .            (no gloves)
SInv    .            (no boots)
Will    .....        (no amulet) Stlth
                     (no ring)
HPRegen 0.25/turn    (no ring)
MPRegen 0.09/turn

%: no passive effects
@: no status effects
A: sickness immunity, AC +4, negative energy resistance 1, electricity
resistance, torment resistance 1, petrification resistance
a: no special abilities


You were on level 4 of the Dungeon.
You visited 1 branch of the dungeon, and saw 3 of its levels.

You collected 113 gold pieces.
You spent 42 gold pieces at shops.


Innate Abilities, Weirdness & Mutations

You are immune to sickness and miasma.
Your stone body is resilient. (AC +4)
You are immune to poison.
You resist negative energy. (rN+)
You are resistant to electric shocks. (rElec)
You are resistant to unholy torment.
You are immune to petrification.


   Skills:
 - Level 3.2 Fighting
 + Level 4.8 Axes
 - Level 3.2 Armour
 - Level 3.2 Shields


You had 4 spell levels left.
You didn't know any spells.
Your spell library was empty.

Inventory:

Hand Weapons
 m - a +0 whip
 Y - a +1 war axe (weapon)
Missiles
 k - 4 boomerangs (quivered)
Armour
 b - a +0 scale mail (worn)
 c - a +0 buckler (worn)
Scrolls
 a - 2 scrolls of teleportation {unknown}
 f - a scroll of revelation {unknown}
 g - a scroll of identify
 j - a scroll of vulnerability {unknown}
Potions
 d - a potion of might
 e - 2 potions of magic {unknown}
 h - a potion of brilliance {unknown}
 i - 2 potions of enlightenment {unknown}
 l - a potion of cancellation {unknown}
 n - a potion of haste {unknown}
 o - a potion of curing

Dungeon Overview and Level Annotations

Branches:
Dungeon (4/15)
 Temple: D:4-7

Altars:

Shops:
D:1 :   D:2 !


Message History

The water moccasin bites you. The water moccasin barely misses you.
You miss the water moccasin.
The water moccasin is heavily wounded.
The water moccasin bites you but does no damage.
The water moccasin bites you.
You barely miss the water moccasin.
The water moccasin is heavily wounded.
The water moccasin bites you.
The water moccasin bites you but does no damage.
You barely miss the water moccasin.
The water moccasin is heavily wounded.
The water moccasin bites you! The water moccasin closely misses you.
You hit the water moccasin.
The water moccasin is severely wounded.
The water moccasin bites you but does no damage.
The water moccasin barely misses you.
The hound stops to sniff the ground.
You barely miss the water moccasin.
The water moccasin is severely wounded.
The water moccasin closely misses you. The water moccasin barely misses you.
You hit the water moccasin.
The water moccasin is severely wounded.
The water moccasin bites you. The water moccasin barely misses you.
You slash the water moccasin!
The water moccasin is almost dead.
The water moccasin bites you but does no damage.
The water moccasin bites you.
You closely miss the water moccasin.
The water moccasin is almost dead.
The water moccasin completely misses you.
The water moccasin bites you but does no damage.
You slash the water moccasin!
You kill the water moccasin!
The hound closely misses you.
Your Axes skill increases to level 4!
You have reached level 4!
You feel stronger.
You have reached level 5!
You closely miss the hound.
The hound is moderately wounded.
The hound bites you.
You die...

###### #....#
#....#
#....######.#
#.#.###.........#.#
......h@.........>#
#.#.###.........#
#.........#
#.........#
#####.....# #.....#
#.....# #.....#
#######.....#


You could see a hound.

Vanquished Creatures
  A water moccasin (D:4)
  2 adders (D:2)
  A worm (D:2)
  2 bats (D:2)
  2 endoplasms (D:2)
  A giant cockroach (D:1)
  2 goblins
  2 hobgoblins
  A ball python (D:2)
  3 frilled lizards
  3 kobolds (D:2)
20 creatures vanquished.

Notes
Turn   | Place    | Note
-------+----------+-------------------------------------------
     0 | D:1      | qw the Gargoyle Fighter began the quest for the Orb.
     0 | D:1      | Reached XP level 1. HP: 14/14 MP: 1/1
     0 | D:1      | 0 ||| qw: Version: 0.3-a-9-g12657ce
     0 | D:1      | 0 ||| qw: Game counter: 1405
     0 | D:1      | 0 ||| qw: Always use a shield: true
     0 | D:1      | 0 ||| qw: God list: Okawaru
     0 | D:1      | 0 ||| qw: Allow faded altars: false
     0 | D:1      | 0 ||| qw: Do Orc after D:15 true
     0 | D:1      | 0 ||| qw: Do second Lair branch before Depths: true
     0 | D:1      | 0 ||| qw: Lair rune preference: random
     0 | D:1      | 0 ||| qw: Plans: Normal, Zot:1-4, Slime:5, God:TSO, Crypt,
                  | Tomb, Abyss, Pan, Hells, Win
     0 | D:1      | 0 ||| PLANNING D:1-11
    71 | D:1      | Found Wosopot's Book Emporium.
    95 | D:1      | Found a faded altar of an unknown god.
    95 | D:1      | Noticed a Tzitzimitl
   243 | D:1      | Reached skill level 2 in Axes
   422 | D:1      | 422 ||| DROPPING +0 club.
   513 | D:1      | 513 ||| DROPPING ring of magical power.
   514 | D:1      | 514 ||| READING scroll labelled ZUEQUXK AMEOP.
   515 | D:1      | 515 ||| READING 2 scrolls labelled QUNGET GIYC.
   516 | D:1      | 516 ||| READING scroll labelled JASKOI SIKEO.
   621 | D:2      | 621 ||| Stepping ~*~*~tactically~*~*~ (hiding).
   726 | D:2      | 726 ||| Stepping ~*~*~tactically~*~*~ (stealth).
   740 | D:2      | Reached XP level 2. HP: 19/19 MP: 2/2
   847 | D:2      | Reached skill level 3 in Axes
   869 | D:2      | Reached XP level 3. HP: 23/23 MP: 3/3
   939 | D:2      | 939 ||| Stepping ~*~*~tactically~*~*~ (stealth).
   995 | D:2      | 995 ||| Stepping ~*~*~tactically~*~*~ (hiding).
  1018 | D:2      | Found Pofurha's Distillery.
  1019 | D:2      | 1019 ||| Stepping ~*~*~tactically~*~*~ (stealth).
  1035 | D:2      | 1035 ||| BUYING potion of curing (42 gold).
  1035 | D:2      | Bought a potion of curing for 42 gold pieces
  1035 | D:2      | 1035 ||| SHOPLISTING potion of enlightenment (70 gold, have
                  | 56).
  1035 | D:2      | 1035 ||| SHOPLISTING potion of magic (112 gold, have 56).
  1035 | D:2      | 1035 ||| SHOPLISTING potion of mutation (112 gold, have
                  | 56).
  1072 | D:2      | You fall into a shaft and drop 2 floors!
  1090 | D:4      | Noticed a water moccasin
  1106 | D:4      | HP: 5/23 [water moccasin (6)]
  1107 | D:4      | HP: 1/23 [water moccasin (4)]
  1109 | D:4      | Killed a water moccasin
  1110 | D:4      | Reached skill level 4 in Axes
  1110 | D:4      | Reached XP level 4. HP: 2/28 MP: 4/4
  1110 | D:4      | Reached XP level 5. HP: 3/32 MP: 5/5
  1110 | D:4      | Slain by a hound

Levels and vault maps discovered:
D:1:      shiori_arrival_whats_in_store_for_you, layout_basic, serial_shops,
          nicolae_shop_window_shopping, dreamdust_ecumenical_altar_sealed_demon,
          chequers_serial_rivers_room_b, hangedman_decor_opposing
D:2:      layout_loops_ring, serial_forest, infiniplex_forest_lined_room_2,
          infiniplex_forest_end_2, infiniplex_forest_join,
          infiniplex_forest_corner_1, infiniplex_forest_lined_corner,
          serial_shops, shop, uniq_sigmund
D:4:      layout_basic, mainiacjoe_overflow_tiny_flanked, eino_tiny_chamber,
          uniq_ijyb

Skill      XL: |  1  2  3 |
---------------+----------+-----
Axes           | 2 3 4 |  4.8
Fighting       | |  3.2
Armour         | |  3.2
Shields        | |  3.2

Action                     |  1- 3 |  4- 6 || total
---------------------------+-------+-------++-------
  Melee: War axe           |    87 |     1 ||    88
  Throw: Boomerang         |    28 |       ||    28
    Use: Scroll            |     3 |       ||     3
 Armour: Scale mail        |    47 |       ||    47
  Dodge: Dodged            |    58 |       ||    58
  Block: Buckler           |    21 |       ||    21

Table legend:
 A = Non-vault XP
 B = Vault XP
 C = Vault XP percentage of total XP
 D = Non-vault monster count
 E = Vault monster count
 F = Vault count percentage of total count
                 A         B        C        D         E       F
            +---------+---------+-------+---------+---------+-------
      Total |     210 |       0 |   0.0 |      20 |       0 |   0.0
            +---------+---------+-------+---------+---------+-------
        D:1 |       8 |       0 |   0.0 |       5 |       0 |   0.0
        D:2 |      49 |       0 |   0.0 |      14 |       0 |   0.0
        D:4 |     153 |       0 |   0.0 |       1 |       0 |   0.0
            +---------+---------+-------+---------+---------+-------
